 Dungeon Crawl Stone Soup version 0.29-a0-321-gf1c400731a (webtiles) character file.

Game seed: 10164698433219409256

648 dianekeaton the Cleaver (level 7, 0/59 HPs)
             Began as a Hill Orc Fighter on Apr 5, 2022.
             Slain by Edmund
             ... wielding a +2 vorpal flail
              (2 damage)
             ... on level 5 of the Dungeon.
             The game lasted 00:12:47 (4053 turns).

dianekeaton the Cleaver (Hill Orc Fighter)          Turns: 4053, Time: 00:12:50

Health: 0/59       AC: 14    Str: 21    XL:     7   Next: 53%
Magic:  7/7        EV:  5    Int:  8    God:
Gold:   137        SH:  4    Dex: 10    Spells: 6/6 levels left

rFire   . . .      SeeInvis .   a - +0 war axe
rCold   . . .      Faith    .   c - +0 buckler
rNeg    . . .      Spirit   .   k - +2 plate armour
rPois   .          Reflect  .   (no helmet)
rElec   .          Harm     .   (no cloak)
rCorr   .          Rampage  .   d - +0 pair of gloves
Will    .....                   (no boots)
Stlth   ..........              (no amulet)
HPRegen 0.19/turn               (no ring)
MPRegen 0.10/turn               (no ring)

@: no status effects
A: no striking features
a: no special abilities


You were on level 5 of the Dungeon.
You visited 1 branch of the dungeon, and saw 5 of its levels.

You collected 137 gold pieces.

Inventory:

Hand Weapons
 a - a +0 war axe (weapon)
Missiles
 q - 2 datura-tipped darts (quivered)
Armour
 c - a +0 buckler (worn)
 d - a +0 pair of gloves (worn)
 k - a +2 plate armour (worn)
Jewellery
 m - a ring of protection from cold
Wands
 b - a wand of charming (7)
Scrolls
 f - a scroll of identify
 h - a scroll of holy word
 j - 4 scrolls of noise
 t - a scroll of enchant armour
 v - a scroll of acquirement {unknown}
 w - a scroll of fear
 x - a scroll of immolation {unknown}
Potions
 e - a potion of invisibility
 g - 4 potions of heal wounds
 i - a potion of lignification
 l - 3 potions of curing
 n - 2 potions of degeneration
 o - a potion of flight
 p - a potion of haste
 r - 2 potions of brilliance
 s - a potion of berserk rage
 u - 2 potions of mutation {unknown}


   Skills:
 * Level 4.0 Fighting
 + Level 10.1 Axes
 + Level 0.1 Throwing
 * Level 3.8 Armour
 + Level 0.3 Dodging
 - Level 3.2 Shields


You had 6 spell levels left.
You didn't know any spells.
Your spell library contained the following spells:

 Spells                   Type           Power      Damage    Failure   Level
 Blink                    Tloc           0%         N/A       100%        2
 Scorch                   Fire           0%         2d5       100%        2
 Frozen Ramparts          Ice            0%         1d2       100%        3
 Lesser Beckoning         Tloc           0%         N/A       100%        3
 Flame Wave               Conj/Fire      0%         2d4       100%        4
 Ice Form                 Ice/Tmut       0%         N/A       100%        4
 Summon Ice Beast         Ice/Summ       0%         N/A       100%        4
 Manifold Assault         Tloc           0%         N/A       100%        5
 Summon Cactus Giant      Summ           0%         N/A       100%        6


Dungeon Overview and Level Annotations

Branches:
Dungeon (5/15)
 Temple: D:4-7

Altars:
Makhleb
Yredelemnul
The Shining One

Shops:
D:3 [

Annotations:
D:5 Edmund


Message History

Throw: 3 darts (datura)
Press: ? - help, Q - select action, (/) - cycle Shift-Dir - straight line, f - Edmund
Aim: Edmund, wielding a +2 vorpal flail and wearing a +0 scale mail (61% to hit, chance to frenzy on hit: 51%)
You throw a datura-tipped dart. The datura-tipped dart hits Edmund.
Edmund flies into a frenzy!
Edmund hits you but does no damage. x2
You hit Edmund.
Edmund is lightly wounded.
You block Edmund's attack.
You barely miss Edmund.
Edmund is lightly wounded.
Edmund hits you but does no damage. You block Edmund's attack.
You hit Edmund but do no damage.
Edmund is lightly wounded.
Edmund hits you with a +2 vorpal flail.
You closely miss Edmund.
Edmund is lightly wounded.
Edmund hits you with a +2 vorpal flail. Edmund barely misses you.
You hit Edmund but do no damage.
Edmund is lightly wounded.
Edmund hits you but does no damage.
You hit Edmund.
Edmund is lightly wounded.
Edmund barely misses you. Edmund hits you with a +2 vorpal flail.
You hit Edmund.
Edmund is lightly wounded.
Edmund hits you with a +2 vorpal flail.
You slash Edmund!
Edmund is moderately wounded.
Edmund hits you with a +2 vorpal flail. You block Edmund's attack.
You closely miss Edmund.
Edmund is moderately wounded.
Edmund hits you with a +2 vorpal flail!
You hit Edmund.
Edmund is moderately wounded.
Edmund hits you with a +2 vorpal flail.
* * * LOW HITPOINT WARNING * * *
x2 Edmund hits you with a +2 vorpal flail!
* * * LOW HITPOINT WARNING * * *
You die...

##._.##
##.....##
#.......#
#.......#
.......#
#.....###.
######.........
......@@....#
#####.......<..
#..>.......
............
####........#
#........#
#........#
##########


You could see the neutral Edmund (fast, strong, insane).

Vanquished Creatures
  An ice beast (D:4)
  A necrophage (D:4)
  A bullfrog zombie (D:4)
  A hound (D:3)
  A human zombie (D:4)
  An orc priest (D:3)
  Terence (D:1)
  2 orc wizards
  A scorpion zombie (D:4)
  An iguana (D:4)
  3 hound zombies (D:4)
  2 mummies (D:4)
  4 adders
  3 gnolls (D:3)
  3 adder zombies (D:4)
  3 worms
  3 dart slugs
  8 orcs
  3 bats
  2 endoplasms
  4 giant cockroaches
  6 goblins
  8 hobgoblins
  4 kobolds
  A quokka (D:4)
  8 ball pythons
  5 frilled lizards
  5 rats
86 creatures vanquished.

Vanquished Creatures (collateral kills)
  A dart slug (D:3)
1 creature vanquished.

Vanquished Creatures (others)
  A gnoll (D:3)
1 creature vanquished.

Grand Total: 88 creatures vanquished

Notes
Turn   | Place    | Note
-------+----------+-------------------------------------------
     0 | D:1      | dianekeaton the Hill Orc Fighter began the quest for the
                  | Orb.
     0 | D:1      | Reached XP level 1. HP: 19/19 MP: 1/1
   123 | D:1      | Reached skill level 3 in Axes
   240 | D:1      | Reached XP level 2. HP: 26/26 MP: 2/2
   665 | D:1      | Reached skill level 4 in Axes
   700 | D:1      | Found a faded altar of an unknown god.
   812 | D:2      | Noticed Terence
   835 | D:1      | Killed Terence
   836 | D:1      | Reached skill level 5 in Axes
   836 | D:1      | Reached XP level 3. HP: 26/31 MP: 3/3
   937 | D:2      | Found a burning altar of Makhleb.
   946 | D:2      | Reached XP level 4. HP: 39/39 MP: 4/4
  1540 | D:3      | Reached skill level 6 in Axes
  1865 | D:3      | Found Ofesm's Antique Armour Emporium.
  1941 | D:3      | Reached XP level 5. HP: 36/45 MP: 5/5
  2221 | D:3      | Reached skill level 7 in Axes
  2849 | D:3      | Reached skill level 8 in Axes
  2849 | D:3      | Reached XP level 6. HP: 49/51 MP: 6/6
  3076 | D:4      | Found a basalt altar of Yredelemnul.
  3118 | D:4      | Reached skill level 9 in Axes
  3148 | D:4      | Reached XP level 7. HP: 44/57 MP: 7/7
  3974 | D:5      | Entered Level 5 of the Dungeon
  3974 | D:5      | Noticed Edmund
  3974 | D:5      | Found a glowing golden altar of the Shining One.
  3985 | D:4      | Reached skill level 10 in Axes
  4053 | D:5      | HP: 2/59 [Edmund/+2 vorpal flail (10)]
  4053 | D:5      | Slain by Edmund

Illustrated notes

Levels and vault maps discovered:
D:1:      erik_arrival_cave_to_civilisation [erik_arrival_cave_to_hall],
          layout_rooms, chequers_ecumenical_altar_twisty
D:2:      layout_rooms, basic_altar, uniq_terence
D:3:      layout_basic, serial_shops, shop
D:4:      layout_loops_cross, lemuel_mausoleum_altar_yredelemnul,
          minmay_goblin_outpost
D:5:      minmay_octagon_keep, layout_rooms, overflow_temple_1_default,
          uniq_eustachio, uniq_edmund, uniq_blork_the_orc

Skill      XL: |  1  2  3  4  5  6  7 |
---------------+----------------------+-----
Axes           | 3 5 6 8 9 10 | 10.1
Fighting       | 4 |  4.0
Throwing       | |  0.1
Armour         | |  3.8
Dodging        | |  0.3
Shields        | |  3.2

Action                   |  1- 3 |  4- 6 |  7- 9 || total
-------------------------+-------+-------+-------++-------
Melee: War axe           |    49 |   192 |    66 ||   307
Throw: Dart              |       |     3 |     1 ||     4
  Use: Scroll            |     7 |     8 |       ||    15
       Potion            |     3 |     1 |       ||     4
Armor: Scale mail        |     5 |       |       ||     5
       Plate armour      |    26 |   146 |    38 ||   210
Dodge: Dodged            |    15 |    46 |    14 ||    75
Block: Buckler           |     8 |    35 |    14 ||    57

Table legend: (Time is in decaauts)
 A = Elapsed time spent in this place.
 B = Non-inter-level travel time spent in this place.
 C = Inter-level travel time spent in this place.
 D = Time resting spent in this place.
 E = Time spent auto-exploring this place.
 F = Levels seen in this place.
 G = Mean time per level.
                   A        B        C        D        E       F      G
               +--------+--------+--------+--------+--------+-----+--------+
         Total |   4112 |   3960 |    152 |    522 |   2426 |   5 |  822.4 |
       Dungeon |   4112 |   3960 |    152 |    522 |   2426 |   5 |  822.4 |
               +--------+--------+--------+--------+--------+-----+--------+

Top non-repeatable levels by time:
     D:3: 1480 daAuts
     D:4: 1071 daAuts
     D:1: 845 daAuts
     D:2: 700 daAuts
     D:5: 14 daAuts
